[Event "Live Chess"]
[Site "Chess.com"]
[Date "2023.05.20"]
[Round "-"]
[White "SirEntrails"]
[Black "TheSmoulderingMaster"]
[Result "0-1"]
[WhiteElo "535"]
[BlackElo "1732"]
[TimeControl "300"]
[EndTime "13:47:26 PDT"]
[Termination "TheSmoulderingMaster won by checkmate"]

1. e4 c5 2. Nf3 d6 3. Bc4 Nc6 4.
Ng5 e6 5. O-O Qxg5 6. d3 Qg6 7. Nc3 Nf6 8. Nb5 Kd8 9. Qf3 a6 10. Nc3 Nd4 11. Qg3 b5 12. Qxg6 hxg6 13. Bb3 Nxb3 14. axb3 Bb7 15. Bg5 Be7 16. Ne2 Kd7 17.
c3 Ng4 18. d4 Bxg5 19. dxc5 Rxh2 20. cxd6 Rah8 21. e5 Rh1# 0-1

[Event "Live Chess"]
[Site "Chess.com"]
[Date "2023.05.20"]
[Round "-"]
[White "1600x"]
[Black "Olisingapore"]
[Result "0-1"]
[WhiteElo "1782"]
[BlackElo "1884"]
[TimeControl "300"]
[EndTime "13:47:29 PDT"]
[Termination "Olisingapore won by checkmate"]

1. e4 c5 2. Qe2 g6 3. b3 Bg7 4.
Nc3 Nc6 5. Nf3 e6 6. e5 Nge7 7.
Bb2 O-O 8. Ne4 d5 9. g3 dxe4 10. Qxe4 Qa5 11. Bd3 Rd8 12. O-O Nf5 13. Rfe1 Nfd4 14.
Bc3 Nxf3+ 15. Qxf3 Qb6 16. Qf4 Nd4 17. Bxd4 Rxd4 18.
Re4 Bd7 19. a4 Bc6 20. Rxd4 cxd4 21. Re1 Rd8 22. f3 Qa5 23. h3 Rd5 24. Bb5 Bxb5 25. axb5 Qxb5 26. d3 Rxe5 27. Rf1 Rf5 28. Qb8+ Bf8 29.
Qxa7 Qc5 30. g4 Qxa7 31. c4 Ra5 32. Re1 Ra1 33. Rf1 Rxf1+ 34. Kxf1 Qa1+ 35. Ke2 Qb2+ 36. Kf1 Qxb3 37. Kg2 Qc2+ 38. Kg3 Qxd3 39. Kf4 Bd6+ 40. Kg5 Qe3+ 41. f4 Kg7 42. Kh4 Bxf4 43. g5 Qg3# 0-1

[Event "Live Chess"]
[Site "Chess.com"]
[Date "2023.05.20"]
[Round "-"]
[White "ViktorTheCoolBoy"]
[Black "manthanit"]
[Result "1-0"]
[WhiteElo "2498"]
[BlackElo "1007"]
[TimeControl "300"]
[EndTime "13:47:39 PDT"]
[Termination "ViktorTheCoolBoy won by resignation"]

1. d4 e6 2. c4 d5 3. Nf3 a6 4. Nc3 c5 5. cxd5 exd5 6. dxc5 Bxc5 7. Qxd5 Qxd5 8. Nxd5 Bd6 9. Bd2 Nf6 10. Nxf6+ gxf6 11. Bc3 Nd7 12. O-O-O Be7 13. e3 O-O 14. Bd3 Nc5 15. Bc2 Bd7 16. b4 Rac8 17. bxc5 Rxc5 18. Rxd7 Rxc3 19. Rxe7 Rfc8 20. Nd4 b5 21. Kb2 a5 22.
Bb3 a4 23. Bxf7+ Kf8 24. Rb7 a3+ 25. Kb1 Rd3 26. Bb3 Rd2 27. Rd1 Rb2+ 28. Ka1 Rxf2 29.
Ne6+ Ke8 30. Ng7+ Kf8 31. Rf7+ Kg8 32. Rxf6+ Kxg7 33. Rxf2 1-0

[Event "Live Chess"]
[Site "Chess.com"]
[Date "2023.05.20"]
[Round "-"]
[White "LodeshChess"]
[Black "DmitryVasliev"]
[Result "0-1"]
[WhiteElo "1098"]
[BlackElo "1669"]
[TimeControl "300"]
[EndTime "13:47:44 PDT"]
[Termination "DmitryVasliev won by resignation"]

1. e4 d5 2. exd5 e6 3. dxe6 Bxe6 4. Nf3 h6 5. Nc3 c6 6. d4 Nf6 7. Be3 Bd6 8. Qd2 Nbd7 9. O-O-O Qa5 10. Kb1 Bb4 11.
a3 Ne4 12. axb4 Nxd2+ 0-1

[Event "Live Chess"]
[Site "Chess.com"]
[Date "2023.05.20"]
[Round "-"]
[White "Vitalii18a"]
[Black "wot-not"]
[Result "0-1"]
[WhiteElo "1100"]
[BlackElo "1518"]
[TimeControl "300"]
[EndTime "13:47:52 PDT"]
[Termination "wot-not won by checkmate"]

1. e4 e5 2. Nf3 d6 3. Bb5+ c6 4.
Ba4 f5 5. d3 Nf6 6. c3 Be7 7.
Nbd2 O-O 8. b4 f4 9. Bb2 Bg4 10. O-O Nbd7 11. h3 Bh5 12. g4 Bf7 13. Nc4 Nb6 14.
Nxb6 axb6 15. d4 exd4 16. cxd4 Nxe4 17. Bc2 d5 18. Nd2 Bg6 19. Nxe4 Bxe4 20. Bxe4 dxe4 21.
Qe1 Qd5 22. f3 e3 23. Qc3 Rf6 24. Rae1 Rh6 25. Kh2 Rxa2 26. Re2 Bh4 27. Ra1 Rxa1 28. Bxa1 Qxf3 29. Rg2 Bg3+ 30. Kh1 Rxh3+ 31. Kg1 Bf2+ 32.
Rxf2 Qxf2# 0-1

[Event "Live Chess"]
[Site "Chess.com"]
[Date "2023.05.20"]
[Round "-"]
[White "anatoliy10912"]
[Black "FailsGambits"]
[Result "1-0"]
[WhiteElo "1551"]
[BlackElo "1316"]
[TimeControl "300"]
[EndTime "13:47:54 PDT"]
[Termination "anatoliy10912 won on time"]

1. e4 e5 2. Nf3 Nc6 3. Bc4 Be7 4. d3 Nf6 5. Nc3 O-O 6. a3 d6 7. h3 Be6 8. Bxe6 fxe6 9. Ng5 Qd7 10. O-O h6 11. Nf3 d5 12. exd5 exd5 13. Re1 Bd6 14. Nh4 Qf7 15. Nb5 Rae8 16. Re3 a6 17. Nxd6 cxd6 18. Rg3 Nh5 19. Rf3 Nf4 20. Kh2 Nd4 21. Re3 Nf5 22. Nxf5 Qxf5 23. Rf3 Qg6 24. Bxf4 Rxf4 25.
Qe2 Ref8 26. Re1 Rxf3 27. gxf3 Qf6 28. Rg1 Qf4+ 29. Rg3 h5 30. Qe3 Qf6 31. Qg5 Qxg5 32. Rxg5 Rxf3 33. Kg2 Rf6 34. Rxh5 Kf7 35. Rg5 Rg6 36.
Rg4 Rxg4+ 37. hxg4 Kg6 38. Kg3 Kg5 39. f3 g6 40. a4 b6 41. b3 b5 42. a5 b4 43. d4 exd4 44. f4+ Kf6 45. Kf3 d3 46.
cxd3 g5 47. d4 gxf4 48. Kxf4 Kg6 49. g5 Kh5 50. Kf5 Kh4 51. g6 Kg3 52. g7 Kf3 53.
g8=Q Ke3 54. Qxd5 1-0

[Event "Live Chess"]
[Site "Chess.com"]
[Date "2023.05.20"]
[Round "-"]
[White "WilliamofOrange16th"]
[Black "chessfiction"]
[Result "0-1"]
[WhiteElo "1841"]
[BlackElo "2405"]
[TimeControl "300"]
[EndTime "13:48:05 PDT"]
[Termination "chessfiction won by resignation"]

1. b3 d5 2. Bb2 Bg4 3. f3 Bh5 4.
Nh3 e5 5. Bxe5 Nc6 6. Bg3 Nge7 7.
Nf4 Bg6 8. d3 Nf5 9. Nxg6 hxg6 10. Bf2 d4 11. a3 Bd6 12. Qd2 Qe7 13. g4 Ng3 14. Rg1 Nxf1 15. Kxf1 Rxh2 16. Bg3 Bxg3 17.
Rxg3 Qh4 18. Rg2 Qh3 19. e4 Qxf3+ 20. Qf2 Qd1+ 0-1

[Event "Live Chess"]
[Site "Chess.com"]
[Date "2023.05.20"]
[Round "-"]
[White "LutherSullivan"]
[Black "tehanu"]
[Result "1-0"]
[WhiteElo "1974"]
[BlackElo "1119"]
[TimeControl "300"]
[EndTime "13:48:07 PDT"]
[Termination "LutherSullivan won by resignation"]

1. e4 Nf6 2. e5 Nd5 3. d4 d6 4. c4 Nb6 5. exd6 c6 6. Qe2 Qxd6 7. c5 Qxd4 8. cxb6 Qxb6 9. Nc3 e6 10. Be3 Qc7 11.
Nf3 Bd6 12. Qc2 O-O 13. Bd3 Nd7 14. Bxh7+ Kh8 15. Bd3 Nc5 16. Bxc5 Bxc5 17. Qa4 b5 18. Qh4+ 1-0

[Event "Live Chess"]
[Site "Chess.com"]
[Date "2023.05.20"]
[Round "-"]
[White "JohanKjeldahl"]
[Black "Inglaterra"]
[Result "0-1"]
[WhiteElo "1837"]
[BlackElo "2048"]
[TimeControl "300"]
[EndTime "13:48:07 PDT"]
[Termination "Inglaterra won by checkmate"]

1. c4 e5 2. Nc3 Nf6 3. Nf3 Bb4 4.
Nd5 Nxd5 5. cxd5 O-O 6. e3 d6 7.
a3 Ba5 8. b4 Bb6 9. Bb2 Bg4 10.
Be2 Nd7 11. O-O f5 12. h3 Bxf3 13. Bxf3 Qg5 14. Rc1 f4 15. exf4 Rxf4 16. Qb3 Raf8 17. Kh1 Rxf3 18. gxf3 Rf4 19. Rg1 Qf5 20. Rg4 Rxf3 21.
Qc4 Rxh3+ 22. Kg2 Qf3+ 23. Kg1 Rh1# 0-1

[Event "Live Chess"]
[Site "Chess.com"]
[Date "2023.05.20"]
[Round "-"]
[White "AbilifyXL"]
[Black "kevinmilleruk"]
[Result "1-0"]
[WhiteElo "1950"]
[BlackElo "1150"]
[TimeControl "300"]
[EndTime "13:48:11 PDT"]
[Termination "AbilifyXL won by checkmate"]

1. d4 Nf6 2. c4 d5 3. Nc3 e6 4. cxd5 Nxd5 5. Nf3 Bb4 6. Qc2 O-O 7. e4 Nxc3 8. bxc3 Ba5 9. Bd3 Nc6 10. O-O a6 11. Bg5 f6 12. Bf4 e5 13. dxe5 fxe5 14. Bxe5 Nxe5 15. Nxe5 c5 16. Qb3+ Kh8 17. Nf7+ Rxf7 18.
Qxf7 Qg5 19. Qf8# 1-0

[Event "Live Chess"]
[Site "Chess.com"]
[Date "2023.05.20"]
[Round "-"]
[White "kenn48"]
[Black "MrBlond89"]
[Result "0-1"]
[WhiteElo "1180"]
[BlackElo "1423"]
[TimeControl "300"]
[EndTime "13:48:26 PDT"]
[Termination "MrBlond89 won on time"]

1. e4 e5 2. Nf3 Nc6 3. Bc4 f5 4. exf5 e4 5. Qe2 Qe7 6. d3 exf3 7.
Qxe7+ Ngxe7 8. gxf3 d5 9. Bb5 Bxf5 10. Nc3 d4 11.
Ne4 Bxe4 12. fxe4 a6 13. Ba4 b5 14. Bb3 Na5 15. Be6 Nec6 16. Bd2 Bd6 17. O-O-O Nd8 18. Bd5 c6 19. Bxa5 cxd5 20. exd5 O-O 21. Rde1 Rxf2 22. Re8+ Rf8 23. Rhe1 Bxh2 24. Rxf8+ Kxf8 25. Bb4+ Kg8 26. Rf1 Nf7 27. Bc5 Be5 28. Kd2 a5 29. a3 b4 30.
axb4 axb4 31. Bxb4 Ra2 32. Ba3 h5 33. Rh1 g6 34.
Rg1 Kg7 35. Rf1 g5 36. Be7 Rxb2 37. Kc1 Ra2 38. Rf5 Kg6 0-1

[Event "Live Chess"]
[Site "Chess.com"]
[Date "2023.05.20"]
[Round "-"]
[White "MarkLim1"]
[Black "YrrriKharkiv"]
[Result "0-1"]
[WhiteElo "1651"]
[BlackElo "2069"]
[TimeControl "300"]
[EndTime "13:48:29 PDT"]
[Termination "YrrriKharkiv won by resignation"]

1. d4 Nf6 2. Nf3 c5 3. d5 g6 4. Nc3 Bg7 5. e4 d6 6. Bb5+ Bd7 7. a4 a6 8. Be2 O-O 9. O-O Bg4 10. Nd2 Bxe2 11.
Qxe2 Nbd7 12. Nc4 b5 13. axb5 axb5 14. Rxa8 Qxa8 15. Nxb5 Qa6 16. Nc3 Rb8 17. b3 Nb6 18. Bb2 Nxc4 0-1

[Event "Live Chess"]
[Site "Chess.com"]
[Date "2023.05.20"]
[Round "-"]
[White "OceanFloater"]
[Black "rideuv21"]
[Result "1-0"]
[WhiteElo "1023"]
[BlackElo "1803"]
[TimeControl "300"]
[EndTime "13:48:37 PDT"]
[Termination "OceanFloater won by checkmate"]

1. e4 c5 2. Nf3 Nc6 3. a3 e6 4.
b4 cxb4 5. axb4 Bxb4 6. Ba3 Bxa3 7. Rxa3 Nge7 8. Nc3 d5 9. exd5 Nxd5 10. Nxd5 Qxd5 11.
Rd3 Qh5 12. Qa1 O-O 13. g3 Ne5 14. Nxe5 Qxe5+ 15. Qxe5 a5 16. Bg2 a4 17. Ra3 Bd7 18. O-O Rab8 19. Rb1 b5 20. d3 b4 21. Raa1 Rfc8 22.
Be4 a3 23. Qd6 Ba4 24. Rxb4 Rxb4 25. Qxb4 Bxc2 26. Qxa3 f5 27. Rc1 fxe4 28. dxe4 Rc6 29. Qa8+ Kf7 30. Qxc6 Bb3 31. Qb7+ Kf6 32. Qxb3 Kf7 33.
Qb7+ Kf6 34. f4 g5 35. Qc8 gxf4 36. gxf4 e5 37. Rc6+ Kg7 38. Qd7+ Kh8 39. Rc8# 1-0

[Event "Live Chess"]
[Site "Chess.com"]
[Date "2023.05.20"]
[Round "-"]
[White "parcellforce"]
[Black "Bot_Boy"]
[Result "1-0"]
[WhiteElo "1384"]
[BlackElo "324"]
[TimeControl "300"]
[EndTime "13:48:49 PDT"]
[Termination "parcellforce won on time"]

1. d4 d5 2. c4 Nf6 3. Nc3 dxc4 4.
e4 e6 5. Bxc4 Nc6 6. Bb5 Bb4 7. Qa4 Bxc3+ 8. bxc3 Nxe4 9. Bxc6+ bxc6 10. Qxc6+ Qd7 11. Qxa8 Ke7 12. Qxe4 g6 13. Nf3 f5 14.
Qe5 Rf8 15. Ba3+ Kf7 16. Bxf8 Kxf8 17. Qh8+ Ke7 18. Qxh7+ Kf6 19. Qxd7 Bxd7 20. Ne5 Ba4 21. O-O c5 22. Rfb1 cxd4 23. cxd4 a6 24. Rb6 Bb5 25. Rb1 f4 26. R1xb5 axb5 27. Rxb5 Kf5 28. a4 g5 29. f3 g4 30. Nxg4+ Kg6 31. Ne5+ 1-0

[Event "Live Chess"]
[Site "Chess.com"]
[Date "2023.05.20"]
[Round "-"]
[White "WelshTiger"]
[Black "Leonid_Starozhilov"]
[Result "0-1"]
[WhiteElo "2396"]
[BlackElo "2646"]
[TimeControl "300"]
[EndTime "13:48:54 PDT"]
[Termination "Leonid_Starozhilov won by checkmate"]

1. e4 Nc6 2. Bb5 d6 3. h3 Nf6 4. d3 g6 5. Ne2 Bg7 6. O-O O-O 7. Nbc3 Bd7 8. a3 a6 9. Ba4 b5 10. Bb3 Na5 11. Ba2 c5 12. Bg5 h6 13. Be3 b4 14.
axb4 cxb4 15. Nd5 Nxd5 16. Bxd5 Nc6 17. d4 a5 18. Bb3 e6 19. Qd3 Kh7 20. Bc4 Ne7 21.
Bb5 Qc7 22. Bxd7 Qxd7 23. c4 bxc3 24. bxc3 d5 25. c4 dxc4 26. Qxc4 Rfc8 27. Qd3 Nc6 28. Qb5 Rab8 29. Qa4 Rb4 30. Qa3 Rcb8 31. Rfd1 Qb7 32.
d5 Ne5 33. Qxa5 Nc4 34. Qc5 Nxe3 35. Qxe3 Bxa1 36. Rxa1 Rb1+ 37. Rxb1 Qxb1+ 38. Kh2 exd5 39. exd5 Qf5 40. Nf4 Rb4 41. g3 Re4 42. Qa7 Rxf4 43. gxf4 Qxf4+ 44. Kg2 Qg5+ 45. Kh2 Qxd5 46. Qe3 Kg7 47. Kg1 Qd1+ 48. Kh2 Qd6+ 49. f4 Qf6 50. Kg3 g5 51. Kf3 Qxf4+ 52. Qxf4 gxf4 53. Kxf4 Kf6 54. Kg4 Ke5 55. Kh5 f5 56. Kxh6 f4 57. Kg6 f3 58. h4 f2 59. h5 f1=Q 60. h6 Qf6+ 61. Kh7 Qf7+ 62. Kh8 Kf6 63. h7 Qg7# 0-1

[Event "Live Chess"]
[Site "Chess.com"]
[Date "2023.05.20"]
[Round "-"]
[White "lucaskk818"]
[Black "Wild_Tiger"]
[Result "1-0"]
[WhiteElo "1886"]
[BlackElo "1072"]
[TimeControl "300"]
[EndTime "13:48:54 PDT"]
[Termination "lucaskk818 won by checkmate"]

1. d4 d5 2. c4 Bf5 3. Nf3 e6 4. Nc3 Bb4 5. e3 Bxc3+ 6. bxc3 Nc6 7. cxd5 exd5 8. Bd3 Bg4 9. h3 Bh5 10. O-O Nf6 11.
Ba3 a5 12. Rb1 b6 13. Bb5 Bg6 14. Bxc6+ Nd7 15. Ne5 f6 16. Bxd7+ Qxd7 17. Nxd7 Kxd7 18. Qa4+ c6 19. Rxb6 Rhc8 20. Rb7+ Rc7 21. Rxc7+ Kxc7 22. c4 dxc4 23. Qxc4 Rb8 24. Rc1 Rb6 25. Bc5 Rb4 26. Bxb4 axb4 27. Qxc6+ Kd8 28. Qc7+ Ke8 29. Rc6 Kf8 30.
Re6 h6 31. Qe7+ Kg8 32. Qd8+ Kh7 33. Re7 Bh5 34. Qc7 Kg6 35. Rxg7+ Kf5 36. Rh7 Bg6 37. Qf4+ Ke6 38. Rxh6 Bd3 39. Qxf6+ Kd5 40. Qe5+ Kc4 41. Qc5# 1-0

[Event "Live Chess"]
[Site "Chess.com"]
[Date "2023.05.20"]
[Round "-"]
[White "LozzaLoaf"]
[Black "defenderalist"]
[Result "0-1"]
[WhiteElo "262"]
[BlackElo "1612"]
[TimeControl "300"]
[EndTime "13:48:56 PDT"]
[Termination "defenderalist won by checkmate"]

1. d4 Nf6 2. f4 e6 3. e3 d5 4. h4 Be7 5. g4 Ne4 6. f5 Bxh4+ 7. Ke2 Ng3+ 8. Kf3 Nxh1 9. Bg2 Ng3 10. g5 Nxf5 11.
Kg4 Bxg5 12. Kf3 Nh4+ 13. Ke2 Nxg2 14. Nc3 e5 15. Nxd5 Qxd5 16. c3 Bg4+ 17. Kd2 Bxd1 18. Kxd1 Nxe3+ 19. Kd2 exd4 20. cxd4 Qxd4+ 21. Ke2 Nc2 22.
Bxg5 Nxa1 23. Nf3 Qe4+ 24. Kf2 f6 25. Bh4 g5 26. Bg3 h5 27. Bxc7 Nc6 28. b3 g4 29. a4 Qxf3+ 30. Ke1 Nd4 31. Kd2 Rc8 32. b4 Rxc7 33. b5 Qc3+ 34. Kd1 Qc2+ 35. Ke1 Qe2# 0-1

[Event "Live Chess"]
[Site "Chess.com"]
[Date "2023.05.20"]
[Round "-"]
[White "Tushinskiy"]
[Black "Fazer180"]
[Result "1-0"]
[WhiteElo "2126"]
[BlackElo "1754"]
[TimeControl "300"]
[EndTime "13:49:00 PDT"]
[Termination "Tushinskiy won by resignation"]

1. d4 e6 2. c3 d5 3. Nf3 Nf6 4. Bf4 Bd6 5. Bg3 c5 6. e3 Nc6 7.
Bd3 cxd4 8. exd4 Qc7 9. Nbd2 Bd7 10. Qe2 O-O-O 11. Ne5 Bxe5 12. dxe5 Ng8 13. O-O Nge7 14. b4 Ng6 15. a4 Ngxe5 16. b5 Qa5 17. bxc6 Nxc6 18.
c4 Rhe8 19. Rfc1 b6 20. Nb3 Qb4 21. Qc2 Kb7 22. Rab1 Qe7 23. a5 Nb4 24. Qd2 Nxd3 25. Qxd3 dxc4 26. Qxc4 Rc8 27. a6+ Ka8 28. Qe4+ Bc6 29.
Rxc6 1-0

[Event "Live Chess"]
[Site "Chess.com"]
[Date "2023.05.20"]
[Round "-"]
[White "smoggyrabbit"]
[Black "MartaMost"]
[Result "1-0"]
[WhiteElo "1673"]
[BlackElo "1185"]
[TimeControl "300"]
[EndTime "13:49:01 PDT"]
[Termination "smoggyrabbit won by resignation"]

1. d4 d5 2. Nf3 Bg4 3. Ne5 Bf5 4.
c4 dxc4 5. Nc3 Nd7 6. Nxc4 Ngf6 7. f3 h6 8. e4 Bg6 9. Bf4 e6 10. Nb5 Bb4+ 11. Kf2 O-O 12. Bxc7 Qc8 13. a3 Be7 14. Rc1 a6 15. Ncd6 Bxd6 16. Nxd6 1-0

[Event "Live Chess"]
[Site "Chess.com"]
[Date "2023.05.20"]
[Round "-"]
[White "Long1968"]
[Black "GMHarry-youtube"]
[Result "0-1"]
[WhiteElo "1078"]
[BlackElo "2075"]
[TimeControl "300"]
[EndTime "13:49:11 PDT"]
[Termination "GMHarry-youtube won on time"]

1. e4 c5 2. c3 d5 3. exd5 Qxd5 4.
d4 g6 5. Nf3 Bg7 6. c4 Qe4+ 7.
Be2 cxd4 8. O-O Nf6 9. Nbd2 Qc6 10. Nb3 a6 11. Nbxd4 Qc7 12. Be3 O-O 13. Qc2 Nc6 14.
Rfd1 Nxd4 15. Bxd4 Bf5 16. Bd3 Bxd3 17. Qxd3 Rfd8 18. Qc3 Ne4 19. Qd3 f5 20. Qb3 Bxd4 21.
Rxd4 e5 22. Rxd8+ Rxd8 23. Rc1 Qc5 24. Rf1 g5 25. Qe3 Qxe3 26. fxe3 Nd2 27. Nxd2 Rxd2 28. Rxf5 Rxb2 29. Rxg5+ Kf7 30. Rxe5 Rxa2 31. Rh5 Kg6 32. Rc5 a5 33. Rc7 a4 34. Rxb7 a3 0-1

[Event "Live Chess"]
[Site "Chess.com"]
[Date "2023.05.20"]
[Round "-"]
[White "LiamClery2020"]
[Black "diana21strabt"]
[Result "1/2-1/2"]
[WhiteElo "2083"]
[BlackElo "1702"]
[TimeControl "300"]
[EndTime "13:49:16 PDT"]
[Termination "Game drawn by 50-move rule"]

1. e4 d5 2. exd5 Qxd5 3. Nc3 Qa5 4. d4 Nf6 5. Bd2 Bg4 6. Be2 Bxe2 7. Qxe2 Nc6 8. Nf3 O-O-O 9. O-O Nxd4 10. Nxd4 Rxd4 11.
b4 Qh5 12. Qe3 e5 13. Nb5 Ng4 14. Qh3 Qxh3 15. gxh3 Rxd2 16. hxg4 Rxc2 17. Nxa7+ Kb8 18. Nb5 Bxb4 19. Rab1 Rc4 20. a3 Rxg4+ 21. Kh1 Bd6 22. Nc3 e4 23. Rfe1 Rh4 24. Nxe4 Rxh2+ 25. Kg1 Rh4 26.
Nxd6 cxd6 27. Re7 Rg4+ 28. Kf1 Rf4 29. Rbxb7+ Kc8 30. Rbc7+ Kd8 31. Red7+ Ke8 32. Re7+ Kd8 33. Red7+ Ke8 34. Rxd6 Rf8 35. Rdd7 Re4 36. Ra7 h5 37.
Rdb7 Rd4 38. Rb8+ Rd8 39. Rbb7 Rd4 40. Re7+ Kd8 41. Rxf7 Rxf7 42. Rxf7 g5 43. Rg7 g4 44.
Rh7 Rd5 45. Kg2 Ra5 46. Rh8+ Ke7 47. Rh6 Kf7 48. Kg3 Kg7 49. Rb6 Rxa3+ 50. Kh4 Rh3+ 51. Kg5 g3 52. fxg3 Rxg3+ 53. Kxh5 Rf3 54. Kg5 Rf7 55. Rb8 Rc7 56. Rb5 Rd7 57. Re5 Rc7 58. Kf4 Rf7+ 59. Ke4 Kg6 60. Ra5 Rf6 61. Ra2 Re6+ 62. Kf4 Rf6+ 63.
Ke5 Rf5+ 64. Ke6 Rf6+ 65. Ke7 Rf7+ 66. Ke8 Rf5 67. Rg2+ Rg5 68. Rb2 Re5+ 69. Kd7 Rd5+ 70. Ke6 Rf5 71. Rg2+ Rg5 72. Rf2 Kh5 73. Kf6 Rg4 74.
Rh2+ Rh4 75. Rg2 Rg4 76. Rd2 Kh4 77. Kf5 Rg3 78. Rd7 Kh3 79. Kf4 Rg4+ 80. Kf3 Rg3+ 81.
Kf2 Rg2+ 82. Kf1 Rg4 83. Rh7+ Rh4 84. Ra7 Rg4 85. Ra3+ Rg3 86. Ra6 Rg4 87. Kf2 Rg2+ 88. Ke3 Rg3+ 89. Kf4 Rg4+ 90. Kf5 Rg2 91. Rh6+ Kg3 92.
Rb6 Kh2 93. Kf4 Rf2+ 94. Ke3 Rg2 95. Rb8 Rg3+ 96. Kf4 Rg2 97. Re8 Rf2+ 98. Ke3 Rg2 99. Re7 Rg3+ 100. Kd4 Rg2 101. Rb7 Kg3 102. Ke4 Kh2 103. Rb3 1/2-1/2

[Event "Live Chess"]
[Site "Chess.com"]
[Date "2023.05.20"]
[Round "-"]
[White "LL220284LL"]
[Black "Reggie016"]
[Result "1-0"]
[WhiteElo "2391"]
[BlackElo "1070"]
[TimeControl "300"]
[EndTime "13:49:18 PDT"]
[Termination "LL220284LL won by resignation"]

1. Nf3 d5 2. b3 e6 3. Bb2 Nf6 4. e3 Be7 5. d4 O-O 6. Bd3 Ne4 7. Nbd2 f5 8. O-O Nd7 9. Ne5 Nxe5 10. dxe5 Nxd2 11.
Qxd2 Bd7 12. Rad1 Be8 13. c4 Bh5 14. f3 a5 15. cxd5 Qxd5 16. Bc4 Qxd2 17. Bxe6+ Kh8 18. Rxd2 Bb4 19. Rd7 Rae8 20. Bc4 Re7 21. Rfd1 Rxd7 22. Rxd7 Rc8 23. e6 Be8 24. Rxg7 1-0

[Event "Live Chess"]
[Site "Chess.com"]
[Date "2023.05.20"]
[Round "-"]
[White "terrub10"]
[Black "Shepherds_Pie"]
[Result "0-1"]
[WhiteElo "725"]
[BlackElo "1919"]
[TimeControl "300"]
[EndTime "13:49:19 PDT"]
[Termination "Shepherds_Pie won by checkmate"]

1. d4 d5 2. Nc3 e6 3. Nh3 c5 4.
Bg5 Qa5 5. Ng1 Nc6 6. Nf3 Nf6 7. Bxf6 gxf6 8. e4 dxe4 9. Nd2 cxd4 10. Ndxe4 Be7 11.
b4 Qxb4 12. Qd2 dxc3 13. Nxc3 Bd7 14. Bd3 Qxc3 15. Qxc3 Bb4 16. Qxb4 Nxb4 17. Rb1 Nxd3+ 18. Kd2 Nxf2 19. Rhf1 Ne4+ 20. Ke3 Bc6 21. Rfd1 f5 22. h3 Ke7 23. g4 fxg4 24. hxg4 Rad8 25. Rxd8 Rxd8 26.
Rg1 Rd5 27. Rh1 Ng5 28. Kf4 f6 29. c4 Rd4+ 30. Kg3 Bxh1 31. c5 e5 32. c6 Bxc6 33.
a4 Rd3+ 34. Kh4 Rh3# 0-1

[Event "Live Chess"]
[Site "Chess.com"]
[Date "2023.05.20"]
[Round "-"]
[White "Stanbad1"]
[Black "KGreenGator"]
[Result "1-0"]
[WhiteElo "2408"]
[BlackElo "1770"]
[TimeControl "300"]
[EndTime "13:49:22 PDT"]
[Termination "Stanbad1 won by checkmate"]

1. d4 Nf6 2. Nc3 d5 3. Bf4 a6 4. e3 e6 5. Bd3 h6 6. Nf3 Nc6 7. Ne5 Bd7 8. h4 Be7 9. Qf3 Nb4 10. Qg3 Bf8 11. Nxd7 Qxd7 12. Bxc7 Nxd3+ 13. cxd3 Rc8 14. Be5 Qe7 15. O-O g6 16. Qf3 Bg7 17. e4 dxe4 18. dxe4 O-O 19. Rad1 Nd7 20. Bxg7 Kxg7 21. e5 Qxh4 22.
Qxb7 Rfd8 23. Qxa6 Ra8 24. Qe2 Rab8 25. Ne4 Nb6 26.
Nc5 Nd5 27. Rd2 Nf4 28. Qf3 Qg5 29. Ne4 Qf5 30. g3 Nd5 31. Qxf5 gxf5 32. Nc5 Rb4 33. a3 Rb5 34. b4 f4 35. Rc1 fxg3 36. fxg3 Ne3 37. Ne4 Nf5 38. Rc7 Rxd4 39. Rxd4 Nxd4 40. Nd6 Rxe5 41. Rxf7+ Kg6 42. Rd7 Nf5 43. Nxf5 exf5 44.
Rb7 Re3 45. a4 Rxg3+ 46. Kf2 Ra3 47. a5 h5 48. Rb6+ Kf7 49. a6 Ke7 50. b5 Kd7 51.
Rb7+ Kc8 52. Rf7 Ra2+ 53. Kf3 Ra1 54. a7 Ra3+ 55. Kf4 Ra4+ 56. Kxf5 Ra3 57. b6 Rf3+ 58. Ke6 Rxf7 59. Kxf7 Kb7 60. Ke6 h4 61. Kd7 h3 62.
a8=Q+ Kxa8 63. Kc7 h2 64. b7+ Ka7 65. b8=Q+ Ka6 66.
Qb6# 1-0

[Event "Live Chess"]
[Site "Chess.com"]
[Date "2023.05.20"]
[Round "-"]
[White "MaximKris"]
[Black "Richardallis"]
[Result "1-0"]
[WhiteElo "1856"]
[BlackElo "1878"]
[TimeControl "300"]
[EndTime "13:49:34 PDT"]
[Termination "MaximKris won by resignation"]

1. e4 d5 2. exd5 Nf6 3. Nc3 Nxd5 4. Nf3 Bg4 5. Be2 c6 6. h3 Bxf3 7. Bxf3 e6 8. Nxd5 cxd5 9. O-O Nc6 10. d4 Bd6 11. c3 O-O 12. Be3 Rc8 13. Re1 Bb8 14. Qd3 Qc7 15. Rad1 Qh2+ 16. Kf1 Rfe8 17. Ke2 a6 18. g3 Qxh3 19. Rh1 Qf5 20. Qxf5 exf5 21. Bxd5 Rcd8 22. Bxc6 bxc6 23. b4 g5 24. Kd3 f6 25.
a4 Kg7 26. c4 Bd6 27. c5 Bc7 28. a5 Rb8 29. Kc4 Red8 30. f4 g4 31. d5 cxd5+ 32. Rxd5 Rxd5 33. Kxd5 Rxb4 34. Kc6 Bxa5 35. Ra1 Rb5 36.
Kd7 h5 37. c6 Rd5+ 38. Kc8 Rd3 39. Rxa5 Rxe3 40. Rxf5 Kg6 41. Rc5 h4 42. gxh4 g3 43. c7 g2 44. Rc1 Kf5 45. Kd8 Rd3+ 46. Ke8 Re3+ 47. Kf8 Rc3 48. Rxc3 g1=Q 49. c8=Q+ Kxf4 50. Qc4+ Kf5 51. Rf3+ Ke5 52. Qe2+ Kd5 53. Rd3+ Kc4 54. Qc2+ 1-0

[Event "Live Chess"]
[Site "Chess.com"]
[Date "2023.05.20"]
[Round "-"]
[White "Ferrarifan27"]
[Black "ameetghasi100"]
[Result "0-1"]
[WhiteElo "2060"]
[BlackElo "2687"]
[TimeControl "300"]
[EndTime "13:49:50 PDT"]
[Termination "ameetghasi100 won on time"]

1. e4 Nc6 2. d4 e5 3. dxe5 Nxe5 4. Nf3 Nxf3+ 5. Qxf3 d6 6. Bc4 Nf6 7. Nc3 Be7 8. O-O O-O 9. Bg5 c6 10. h3 Qa5 11. Bh4 b5 12. Bb3 Qc7 13. Rad1 a5 14. a3 Ba6 15. Rfe1 Rae8 16. Bg3 Nd7 17. Qd3 Ne5 18. Bxe5 dxe5 19. Qd7 Rc8 20. Ne2 Rfd8 21. Qf5 Bf8 22. Ng3 g6 23. Qg4 Rxd1 24. Rxd1 Rd8 25.
h4 Bc8 26. Qf3 Rxd1+ 27. Qxd1 h5 28. Qd2 a4 29. Ba2 Qd6 30. Qg5 Be7 31. Qh6 Bxh4 32.
Bxf7+ Kxf7 33. Qh7+ Ke8 34. Kh2 Bxg3+ 35. fxg3 Bg4 36. Qg8+ Kd7 37. Qg7+ Kc8 38. Qg8+ Kc7 39. Qg7+ Kb6 40. Qg8 Bd7 41. Qd8+ Qc7 42. Qf6 Bg4 43. Qxg6 Kb7 44. Qf6 c5 45. Qf8 Bd1 46. Qf6 Bxc2 47.
Qe6 Bxe4 0-1

[Event "Live Chess"]
[Site "Chess.com"]
[Date "2023.05.20"]
[Round "-"]
[White "mliszewski"]
[Black "CheckThis4"]
[Result "0-1"]
[WhiteElo "1862"]
[BlackElo "2549"]
[TimeControl "300"]
[EndTime "13:49:52 PDT"]
[Termination "CheckThis4 won by resignation"]

1. d4 Nf6 2. Bg5 d5 3. Bxf6 exf6 4. e3 c6 5. c4 dxc4 6. Bxc4 Bd6 7. Nf3 O-O 8. O-O Nd7 9. Nc3 Qe7 10. a3 f5 11.
Rc1 Nf6 12. b4 a5 13. b5 Bxa3 14. Rb1 Bb4 15. bxc6 Bxc3 16. cxb7 Bxb7 17. Ne5 Bb4 18. Qc2 Be4 19. Bd3 Rac8 20. Qb3 Bxd3 21. Qxd3 g6 22. Rfc1 Ne4 23. Nc6 Qd6 24. Nxb4 axb4 25.
f3 Nc3 26. Rb3 Nd5 27. e4 Rxc1+ 0-1

[Event "Live Chess"]
[Site "Chess.com"]
[Date "2023.05.20"]
[Round "-"]
[White "Conradical12"]
[Black "friarnator"]
[Result "0-1"]
[WhiteElo "1569"]
[BlackElo "1991"]
[TimeControl "300"]
[EndTime "13:49:53 PDT"]
[Termination "friarnator won by resignation"]

1. e4 Nf6 2. d4 Nxe4 3. Nf3 d6 4.
Bc4 d5 5. Bd3 Bg4 6. O-O Nf6 7.
Nbd2 e6 8. c3 Bd6 9. Re1 O-O 10.
Qc2 h6 11. Ne5 Bh5 12. Re3 Nbd7 13. Rg3 Bxe5 14. dxe5 Nxe5 15. Nf3 Nxd3 16. Qxd3 Bg6 17. Qe2 c5 18. Ne5 Bh7 19. Bxh6 Ne8 20. Qg4 Qf6 21.
Nd7 Qxh6 22. Nxf8 Kxf8 23. Rh3 Bf5 24. Rxh6 Bxg4 25. Rh8+ Ke7 26. f3 Bf5 27. h4 Nc7 28. Rh5 f6 29. Rxf5 exf5 0-1